 Dungeon Crawl Stone Soup version 0.22-b1-21-g5cfc168 (webtiles) character file.

25 goulibeur the Unweaver (level 2, 0/24 HPs)
             Began as a Demonspawn Abyssal Knight on Aug 3, 2018.
             Was a Follower of Lugonu.
             Killed by nerve-wracking pain
             ... invoked by Jessica
              (8 damage)
             ... on level 2 of the Dungeon.
             The game lasted 00:03:00 (1286 turns).

goulibeur the Unweaver (Demonspawn Abyssal Knight)  Turns: 1286, Time: 00:03:01

Health: 0/24       AC:  5    Str: 12    XL:     2   Next: 82%
Magic:  4/4        EV: 10    Int: 13    God:    Lugonu [*.....]
Gold:   69         SH:  0    Dex: 12    Spells: 1/1 levels left

rFire    . . .     SeeInvis .   a - +1 short sword
rCold    . . .     Gourm    .   (no shield)
rNeg     . . .     Faith    .   h - +0 ring mail
rPois    .         Spirit   .   (helmet restricted)
rElec    .         Reflect  .   (no cloak)
rCorr    .         Harm     .   (no gloves)
MR       .....                  (no boots)
Stlth    +.........             (no amulet)
HPRegen  0.08/turn              (no ring)
MPRegen  0.09/turn              (no ring)

@: no status effects
A: antennae 1
a: Depart the Abyss, Renounce Religion


You were on level 2 of the Dungeon.
You worshipped Lugonu.
Lugonu was aware of your devotion.
You were very hungry.

You visited 1 branch of the dungeon, and saw 2 of its levels.
You visited the Abyss 1 time.

You collected 69 gold pieces.

Inventory:

Hand Weapons
 a - a +1 short sword (weapon)
Armour
 b - a +0 leather armour
 h - a +0 ring mail (worn)
Jewellery
 i - an uncursed amulet of faith {unknown}
 l - an uncursed ring of stealth {unknown}
Scrolls
 d - 2 scrolls of magic mapping {unknown}
 e - a scroll of enchant weapon {unknown}
 f - 3 scrolls of remove curse {unknown}
 j - a scroll of teleportation {unknown}
 n - a scroll of blinking {unknown}
 o - a scroll of identify {unknown}
Potions
 g - a potion of degeneration {unknown}
 m - a potion of cancellation {unknown}
Comestibles
 c - 5 rations
 k - a chunk of flesh


   Skills:
 + Level 3.2 Fighting
 - Level 1.7 Short Blades
 + Level 2.1 Armour
 + Level 1.3 Dodging
 * Level 3.3 Invocations


You had one spell level left.
You didn't know any spells.
Your spell library was empty.

Dungeon Overview and Level Annotations

Branches:
Dungeon (2/15)

Altars:

Annotations:
D:2 Jessica, Terence


Innate Abilities, Weirdness & Mutations

You have a pair of small antennae on your head.


Message History

You barely miss Jessica.
Jessica is moderately wounded.
Jessica hits you but does no damage.
You hit Jessica but do no damage.
Jessica is moderately wounded.
Jessica barely misses you. Jessica hits you with a club.
You barely miss Jessica.
Jessica is moderately wounded.
You feel yourself speed up. Jessica barely misses you.
You hit Jessica but do no damage.
Jessica is moderately wounded.
Jessica hits you with a club.
You hit Jessica.
Jessica is heavily wounded.
Jessica gestures at you while chanting. Pain shoots through your body!
Jessica gestures at you while chanting. Pain shoots through your body!
You die...

.......
..?#.####
.$...... ##.
#.....#
.....###.#...#
#..........#
#.####.#@#.#
#h#.# ..#@#
#h##.# ..##.#
.###.<# . #.##
#.# #.# ###


You could see Jessica.

Vanquished Creatures
  A dart slug (D:1)
  A bat (D:1)
  A giant cockroach (D:1)
  2 goblins (D:1)
  3 hobgoblins
  6 jackals
  2 kobolds (D:1)
  A frilled lizard (D:1)
  A rat (D:2)
18 creatures vanquished.

Notes
Turn   | Place    | Note
-------+----------+-------------------------------------------
     0 | Abyss:1  | goulibeur the Demonspawn Abyssal Knight began the quest for the Orb.
     0 | Abyss:1  | Reached XP level 1. HP: 18/18 MP: 2/2
    21 | Abyss:1  | Found a corrupted altar of Lugonu.
    53 | Abyss:1  | Noticed a worldbinder
    53 | Abyss:1  | Noticed a small abomination
    54 | Abyss:1  | Noticed a wraith
    54 | D:1      | Escaped the Abyss
   141 | D:1      | Reached skill level 1 in Dodging
   223 | D:1      | Gained mutation: You have a pair of small antennae on your head. [demonic ancestry]
   223 | D:1      | Reached XP level 2. HP: 5/24 MP: 4/4
   542 | D:1      | Reached * piety under Lugonu
  1016 | D:2      | Noticed Terence
  1244 | D:2      | Noticed Jessica
  1286 | D:2      | Killed from afar by Jessica

Skill      XL: |  1  2 |
---------------+-------+-----
Dodging        | 1 |  1.3
Invocations    | 3 |  3.3
Armour         | 2 |  2.1
Fighting       | |  3.2
Short Blades   | |  1.7

Action                   || total
-------------------------++-------
Melee: Short sword       ||    95
Invok: Depart the Abyss  ||     1
Armor: Ring mail         ||    29
       Leather armour    ||     1
Dodge: Dodged            ||    47
